 Dungeon Crawl Stone Soup version 0.23.2-40-g277498a001 (webtiles) character file.

Game seed: 9236842651038496700

4769 OrcJesus the Grappler (level 10, 0/88 HPs)
             Began as a Troll Fighter on Sept 3, 2019.
             Was a Believer of Ru.
             Slain by a tengu warrior
             ... wielding a +3 long sword of draining
              (7 damage)
             ... on level 10 of the Dungeon on Sept 4, 2019.
             The game lasted 00:18:39 (5237 turns).

OrcJesus the Grappler (Troll Fighter)               Turns: 5237, Time: 00:18:42

Health: 0/88       AC:  8    Str: 28 (31) XL:     10   Next: 23%
Magic:  9/9        EV:  8    Int:  3 (4)  God:    Ru [**....]
Gold:   436        SH: 11    Dex: 14 (15) Spells: 8/9 levels left

rFire    . . .     SeeInvis .     - Unarmed
rCold    . . .     Gourm    +   b - +0 shield
rNeg     . . .     Faith    .   a - +0 robe
rPois    +         Spirit   .   i - +2 hat of Incorporation {Regen+ Dex+3}
rElec    .         Reflect  .   (no cloak)
rCorr    .         Harm     .   (gloves unavailable)
MR       +....                  (boots unavailable)
Stlth    +.........             (no amulet)
HPRegen  1.04/turn              v - ring of poison resistance
MPRegen  0.11/turn              s - ring of protection from magic

@: mighty, hasted, heavily drained, very quick
A: large, unfitting armour, claws 3, fast metabolism 3, frail 1, gourmand,
regeneration 1, shaggy fur 1, tough skin 3
a: Renounce Religion


You were on level 10 of the Dungeon.
You worshipped Ru.
Ru was pleased with you.
You were completely stuffed.

You visited 2 branches of the dungeon, and saw 10 of its levels.

You collected 436 gold pieces.

Inventory:

Hand Weapons
 z - a +0 giant spiked club
 E - a +2 whip of venom
Missiles
 x - 2 throwing nets (quivered)
Armour
 a - a +0 robe (worn)
 b - a +0 shield (worn)
 i - the +2 hat of Incorporation (worn) {Regen+ Dex+3}
   (You acquired it on level 6 of the Dungeon)

   It affects your dexterity (+3).
   It increases your rate of regeneration.
Jewellery
 j - an uncursed ring of resist corrosion
 s - a ring of protection from magic (right claw)
 v - a ring of poison resistance (left claw)
Wands
 t - a wand of enslavement (8)
 y - a wand of iceblast (15)
 G - a wand of disintegration (13)
Scrolls
 g - a scroll of immolation
 h - 5 scrolls of remove curse
 k - 2 scrolls of enchant weapon {unknown}
 n - 2 scrolls of amnesia {unknown}
 o - 6 scrolls of teleportation
 r - 2 scrolls of fog
 w - 2 scrolls of magic mapping
 D - a scroll of blinking {unknown}
 F - a scroll of enchant armour
Potions
 c - 3 potions of might
 e - a potion of mutation
 f - 2 potions of agility
 l - a potion of resistance
 p - 3 potions of curing
 C - a potion of degeneration
Comestibles
 d - 22 rations


   Skills:
 + Level 6.1(3.9) Fighting
 - Level 2.4(0.4) Dodging
 * Level 8.4(6.1) Shields
 * Level 9.7(7.3) Unarmed Combat


You had 8 spell levels left.
You knew the following spells:

 Your Spells              Type           Power        Failure   Level  Hunger
C - Confusing Touch       Hex            #.....       75%         1    ##.....

Your spell library contained the following spells:

 Spells                   Type           Power        Failure   Level  Hunger
 Freeze                   Ice            #...         75%         1    ##.....
 Throw Frost              Conj/Ice       #.....       86%         2    ###....
 Confuse                  Hex            #.......     98%         3    ####...
 Gell's Gravitas          Tloc           #.........   98%         3    ####...
 Ozocubu's Armour         Chrm/Ice       #.......     98%         3    ####...
 Petrify                  Tmut/Erth      #.......     100%        4    #####..
 Summon Ice Beast         Ice/Summ       #.......     100%        4    #####..
 Throw Icicle             Conj/Ice       #.......     100%        4    #####..
 Metabolic Englaciation   Hex/Ice        #.........   100%        5    ######.
 Yara's Violent Unravell  Hex/Tmut       #.........   100%        5    ######.


Dungeon Overview and Level Annotations

Branches:
Dungeon (8/15)             Temple (1/1) D:6
   Lair: D:8-11

Altars:
Ashenzari
Cheibriados
Dithmenos
Elyvilon
Fedhas
Gozag
Hepliaklqana
Kikubaaqudgha
Makhleb
Nemelex Xobeh
Okawaru
Qazlal
Ru
Sif Muna
Trog
Uskayaw
Vehumet
Wu Jian
Xom
Yredelemnul
Zin
The Shining One

Shops:
D:7 *


Innate Abilities, Weirdness & Mutations

You are too large for most types of armour.
You have claws for hands.
Your metabolism is lightning-fast.
You are frail. (-10% HP)
You like to eat raw meat.
Your natural rate of healing is unusually fast.
You are covered in fur. (AC +1)
You have extremely tough skin. (AC +3)


Message History

* * * LOW HITPOINT WARNING * * *
You feel drained.
* * * LOW HITPOINT WARNING * * *
You block the tengu warrior's attack. x2
You feel very mighty all of a sudden.
You closely miss the tengu warrior.
The tengu warrior is moderately wounded.
You block the tengu warrior's attack. x3
The tengu warrior blocks your attack.
The tengu warrior is moderately wounded.
You block the tengu warrior's attack. The tengu warrior pecks you.
* * * LOW HITPOINT WARNING * * *
You block the tengu warrior's attack.
You feel yourself speed up.
The tengu warrior hits you with a +3 long sword of draining.
* * * LOW HITPOINT WARNING * * *
You feel drained.
* * * LOW HITPOINT WARNING * * *
The tengu warrior pecks you!
You die...

#........ #.....###
#.....# #####.....#
..........##
...........#
...........#
...........##########..#
###.....[....!..@Qa....#
#.....##########o....#
#.....# ..... #.....#
.... #.....# ... #.....#
## #.....# #.....


You could see a tengu warrior, a soldier ant and an orc wizard.

Vanquished Creatures
  Harold (D:8)
  Maurice (D:8)
  Grinder (D:5)
  4 hogs (D:7)
  A human (D:7)
  2 water moccasins
  An ice beast (D:7)
  2 sky beasts
  3 ogres
  A phantom (D:7)
  2 centaurs
  A big kobold (D:8)
  3 bullfrogs (D:7)
  A scorpion (D:7)
  6 killer bees (D:8)
  9 wights
  2 howler monkeys (D:5)
  8 crimson imps
  2 hounds
  A centaur skeleton (D:10)
  A bullfrog skeleton (D:5)
  A gnoll shaman (D:5)
  8 orc wizards
  A worker ant (D:5)
  A worker ant zombie (D:4)
  10 adders
  5 gnolls
  A shadow imp (D:6)
  2 oozes
  An adder zombie (D:5)
  2 adder skeletons
  A worm (D:2)
  4 dart slugs (D:2)
  A leopard gecko (D:1)
  30 orcs
  3 giant cockroaches
  11 goblins
  14 hobgoblins
  13 jackals
  22 kobolds
  2 quokkas
  3 ball pythons
  8 bats
  4 frilled lizards
  2 leopard gecko skeletons
  2 quokka skeletons
  5 rats
210 creatures vanquished.

Notes
Turn   | Place    | Note
-------+----------+-------------------------------------------
     0 | D:1      | OrcJesus the Troll Fighter began the quest for the Orb.
     0 | D:1      | Reached XP level 1. HP: 22/22 MP: 0/0
   208 | D:1      | Reached XP level 2. HP: 29/29 MP: 1/1
   603 | D:1      | Reached XP level 3. HP: 36/36 MP: 2/2
   774 | D:2      | Found a shattered altar of Ashenzari.
   959 | D:2      | Reached skill level 3 in Unarmed Combat
   990 | D:2      | Learned a level 1 spell: Confusing Touch
  1070 | D:2      | Reached XP level 4. HP: 29/44 MP: 3/3
  1253 | D:2      | Found an ancient bone altar of Kikubaaqudgha.
  1349 | D:3      | Found a white marble altar of Elyvilon.
  1585 | D:3      | Found a shimmering altar of Xom.
  1593 | D:3      | Reached XP level 5. HP: 53/53 MP: 4/4
  1605 | D:3      | Reached skill level 4 in Unarmed Combat
  1670 | D:3      | Found a sparkling altar of Nemelex Xobeh.
  2044 | D:4      | Found a basalt altar of Yredelemnul.
  2249 | D:4      | Reached XP level 6. HP: 60/61 MP: 5/5
  2435 | D:5      | Entered Level 5 of the Dungeon
  2561 | D:5      | Noticed Grinder
  2564 | D:5      | Reached skill level 5 in Unarmed Combat
  2564 | D:5      | Reached XP level 7. HP: 63/68 MP: 6/6
  2577 | D:5      | Killed Grinder
  2577 | D:5      | Reached skill level 5 in Shields
  2723 | D:5      | Reached skill level 6 in Unarmed Combat
  2907 | D:5      | Found a bloodstained altar of Trog.
  3013 | D:5      | Reached XP level 8. HP: 78/78 MP: 7/7
  3186 | D:6      | Found a staircase to the Ecumenical Temple.
  3195 | Temple   | Entered the Ecumenical Temple
  3343 | Temple   | Became a worshipper of Ru the Awakened
  3427 | D:6      | Got a crude glass ring
  3429 | D:6      | Identified the ring "Huoneana" {Ice rElec MP+9 Int-3
                  | Stlth+} (You found it on level 6 of the Dungeon)
  3832 | D:6      | Reached skill level 7 in Unarmed Combat
  3986 | D:6      | Found an ornate altar of the Wu Jian Council.
  4246 | D:6      | Identified a scroll of acquirement
  4250 | D:6      | Got a distressingly furry hat
  4256 | D:6      | Identified the +2 hat of Incorporation {Regen+ Dex+3} (You
                  | acquired it on level 6 of the Dungeon)
  4311 | D:7      | Gained mutation: You are frail. (-10% HP) [Ru sacrifice]
  4311 | D:7      | Reached * piety under Ru
  4311 | D:7      | Reached ** piety under Ru
  4363 | D:7      | Reached skill level 5 in Fighting
  4363 | D:7      | Reached XP level 9. HP: 72/79 MP: 8/8
  4468 | D:7      | Found Tillef's Serpentskin Sales.
  4635 | D:7      | Reached skill level 8 in Unarmed Combat
  4808 | D:7      | Found a snail-covered altar of Cheibriados.
  4846 | D:7      | Found a blossoming altar of Fedhas.
  4891 | D:8      | Reached skill level 9 in Unarmed Combat
  5004 | D:8      | Noticed Harold
  5031 | D:8      | Killed Harold
  5031 | D:8      | Reached XP level 10. HP: 67/88 MP: 9/9
  5038 | D:8      | Noticed Maurice
  5051 | D:8      | Killed Maurice
  5059 | D:8      | You are sucked into a shaft for 2 floors!
  5059 | D:10     | Entered Level 10 of the Dungeon
  5221 | D:10     | Noticed a tengu warrior
  5237 | D:10     | Slain by a tengu warrior

Skill      XL: |  1  2  3  4  5  6  7  8  9 |
---------------+----------------------------+-----
Shields        | 3 4 5 6 8 |  8.4
Unarmed Combat | 3 4 5 6 7 9 |  9.7
Fighting       | 3 4 5 6 |  6.1
Dodging        | |  2.4

Action                   |  1- 3 |  4- 6 |  7- 9 | 10-12 || total
-------------------------+-------+-------+-------+-------++-------
Melee: Unarmed           |   132 |   113 |   398 |    41 ||   684
Invok: Sacrifice Health  |       |       |     1 |       ||     1
  Use: Scroll            |       |     2 |    11 |       ||    13
       Potion            |       |       |     4 |     2 ||     6
 Stab: Sleeping          |       |       |     5 |       ||     5
  Eat: Chunk             |    15 |    14 |    23 |     2 ||    54
Armor: Robe              |    50 |    37 |    75 |     8 ||   170
Dodge: Dodged            |    37 |    24 |   118 |     7 ||   186
Block: Shield            |    61 |    47 |   194 |    25 ||   327
